 Dungeon Crawl Stone Soup version 0.31-a0-846-gb3bcc0d938 (webtiles) character file.

Game seed: 11773917187358340240

13519 Gladio the Severer (level 11, -10/99 HPs)
             Began as a Minotaur Berserker on Oct 4, 2023.
             Was a High Priest of Trog.
             Mangled by a large abomination (13 damage)
             ... on level 2 of the Abyss.
             The game lasted 00:55:26 (11481 turns).

Gladio the Severer (Minotaur Berserker)            Turns: 11481, Time: 00:55:27

Health: -10/99     AC: 20    Str: 24    XL:     11   Next: 76%
Magic:  0/10       EV:  7    Int:  4    God:    Trog [*****.]
Gold:   774        SH: 11    Dex: 12    Spells: 10/10 levels left

rFire   + . .        s - +2 hand axe (flame)
rCold   . . .        O - +0 kite shield
rNeg    . . .        U - +1 plate armour {rF+}
rPois   .            (helmet restricted)
rElec   .            b - +2 cloak
rCorr   .            e - +0 pair of gloves
SInv    +            (no boots)
Will    .....        y - amulet of guardian spirit Stlth
                     d - ring of see invisible
HPRegen 0.36/turn    (no ring)
MPRegen 0.12/turn

%: guardian spirit
@: on berserk cooldown, slowed, very slow
A: horns 2, retaliatory headbutt
a: Renounce Religion, Berserk, Trog's Hand, Brothers in Arms


You were on level 2 of the Abyss.
You worshipped Trog.
Trog was extremely pleased with you.
You visited 1 branch of the dungeon, and saw 11 of its levels.
You visited the Abyss 1 time.

You collected 774 gold pieces.

Inventory:

Hand Weapons
 c - a +2 quarterstaff of chaos
 s - a +2 hand axe of flaming (weapon)
 D - a +0 war axe
 F - a +0 sling of draining
 Q - a +0 heavy war axe
 V - a +4 battleaxe
Missiles
 i - 129 stones
 k - 5 javelins
 A - 17 boomerangs
 E - 2 curare-tipped darts
 H - a throwing net
Armour
 b - a +2 cloak (worn)
 e - a +0 pair of gloves (worn)
 v - a +0 tower shield
 O - a +0 kite shield (worn)
 R - a +0 plate armour of positive energy
 U - a +1 plate armour of fire resistance (worn)
Jewellery
 d - a ring of see invisible (left hand)
 g - an amulet of magic regeneration
 y - an amulet of guardian spirit (around neck)
Talismans
 l - a serpent talisman
Wands
 r - a wand of iceblast (12)
 u - a wand of mindburst (5)
 I - a wand of paralysis (16)
Scrolls
 f - a scroll of fog {unknown}
 h - 2 scrolls of immolation
 j - a scroll of revelation
 m - a scroll of fear {unknown}
 n - 4 scrolls of poison
 p - 3 scrolls of teleportation
 q - 2 scrolls of noise {unknown}
 w - 2 scrolls of butterflies
 z - 4 scrolls of identify {unknown}
 C - a scroll of amnesia {unknown}
 G - a scroll of acquirement {unknown}
 J - a scroll of enchant weapon {unknown}
 P - a scroll of silence {unknown}
 S - a scroll of vulnerability {unknown}
 W - a scroll of blinking {unknown}
Potions
 a - a potion of haste {unknown}
 o - a potion of attraction {unknown}
 t - 5 potions of brilliance
 x - a potion of mutation {unknown}
 B - 2 potions of degeneration {unknown}
 K - a potion of resistance {unknown}
 L - 2 potions of invisibility {unknown}
 M - a potion of magic {unknown}
 N - a potion of curing {unknown}
 T - a potion of might {unknown}


   Skills:
 + Level 9.6 Fighting
 * Level 15.7 Axes
 + Level 1.1 Throwing
 + Level 10.3 Armour
 - Level 2.2 Dodging
 + Level 9.9 Shields


You had 10 spell levels left.
You didn't know any spells.
Your spell library was empty.

Dungeon Overview and Level Annotations

Branches:
Dungeon (11/15)            Temple (0/1) D:5            Lair (0/5) D:10
    Orc (0/2) D:11

Altars:
Ashenzari
Cheibriados
Nemelex Xobeh

Shops:
D:2 (

Annotations:
D:5 exclusion: door
D:10 exclusion: oklob plant, Sonja


Innate Abilities, Weirdness & Mutations

You have a pair of horns on your head.
You reflexively headbutt those who attack you in melee.


Message History

A large abomination comes into view.
You block the large abomination's attack.
You hit the large abomination but do no damage.
You block the large abomination's attack.
You slash the large abomination! You burn the large abomination.
The large abomination is lightly damaged.
The large abomination hits you!!
You are too injured to fight recklessly!
You are too injured to fight recklessly!
You hit the large abomination but do no damage.
You headbutt the large abomination, but do no damage.
The large abomination is lightly damaged.
The large abomination hits you but does no damage.
You hit the large abomination but do no damage.
You headbutt the large abomination, but do no damage.
The large abomination is lightly damaged.
The large abomination hits you but does no damage.
The large abomination attacks as it pursues you!
The large abomination hits you!!
* * * LOW HITPOINT WARNING * * *
You hit the large abomination but do no damage.
You headbutt the large abomination.
The large abomination is moderately damaged.
You hit the large abomination. You burn the large abomination.
The large abomination is moderately damaged.
The large abomination hits you!!
* * * LOW HITPOINT WARNING * * *
You hit the large abomination. You burn the large abomination.
Your headbutt misses the large abomination.
The large abomination is moderately damaged.
The large abomination barely misses you.
You hit the large abomination but do no damage.
You headbutt the large abomination.
The large abomination is moderately damaged.
You block the large abomination's attack.
You hit the large abomination. You burn the large abomination.
You headbutt the large abomination, but do no damage.
The large abomination is moderately damaged.
The large abomination hits you!
You die...

## ### #.#
#..##
#.#.##...#
#...##.##
##††.######
#.X@......#
#.....###...#.#
#..... #.##
#.####. ... #.
.. .. #.# .. ..
#.


You could see a large abomination.

Vanquished Creatures
  A tentacled starspawn (Abyss:2)
  A two-headed ogre (D:11)
  Pikel (D:8)
  A manticore (D:11)
  A gargoyle (D:11)
  An apocalypse crab (Abyss:2)
  A komodo dragon (D:11)
  2 kobold demonologists (D:10)
  2 unseen horrors
  4 trolls
  Grinder (D:3)
  3 hornets
  9 yaks (D:10)
  Sigmund (D:3)
  3 wraiths (D:11)
  A small abomination (Abyss:2)
  2 steam dragons
  2 vampire mosquitoes (D:7)
  An acid dragon (D:10)
  A two-headed ogre zombie (D:11)
  3 hell hounds (Abyss:2)
  A water moccasin (D:7)
  6 orc warriors
  4 black bears
  A sky beast (D:5)
  A centaur (D:5)
  An ogre (D:6)
  3 phantoms
  Blork the orc (D:5)
  5 kobold brigands
  3 bullfrogs
  2 gnoll sergeants
  2 scorpions (D:7)
  10 wights (D:8)
  A troll zombie (D:11)
  4 howler monkeys
  Crazy Yiuf (D:2)
  4 hounds
  3 jellies
  6 orc priests
  A gnoll bouda (D:5)
  A sleepcap (D:7)
  2 iguanas
  Ijyb (D:3)
  9 orc wizards
  6 ogre zombies (D:11)
  27 gnolls
  12 adders
  3 worms
  60 orcs
  8 ball pythons
  2 endoplasms
  5 giant cockroaches
  10 hobgoblins
  14 jackals (D:5)
  18 kobolds
  A quokka (D:1)
  8 bats
  4 frilled lizards
  7 goblins
  4 goblin skeletons (D:11)
  2 goblin zombies (D:11)
  2 hobgoblin skeletons (D:11)
  A hobgoblin zombie (D:11)
  3 orc skeletons (D:11)
  13 orc zombies (D:11)
  2 rats
  2 starspawn tentacles (Abyss:2)
329 creatures vanquished.

Vanquished Creatures (collateral kills)
  A kobold brigand (D:9)
  2 kobolds (D:9)
3 creatures vanquished.

Vanquished Creatures (others)
  2 starspawn tentacles (Abyss:2)
2 creatures vanquished.

Grand Total: 334 creatures vanquished

Notes
Turn   | Place    | Note
-------+----------+-------------------------------------------
     0 | D:1      | Gladio the Minotaur Berserker began the quest for the Orb.
     0 | D:1      | Reached XP level 1. HP: 19/19 MP: 0/0
   263 | D:1      | Reached skill level 4 in Axes
   351 | D:1      | Reached XP level 2. HP: 27/27 MP: 1/1
  1186 | D:2      | Reached XP level 3. HP: 33/33 MP: 2/2
  1201 | D:2      | Reached skill level 5 in Axes
  1309 | D:2      | Reached ** piety under Trog
  1326 | D:2      | Found a snail-covered altar of Cheibriados.
  1683 | D:2      | Found Nerr's Weapon Shop.
  1770 | D:2      | Found a runed translucent door.
  1771 | D:2      | Noticed Crazy Yiuf
  1854 | D:2      | Killed Crazy Yiuf
  1855 | D:2      | Reached XP level 4. HP: 41/41 MP: 3/3
  2151 | D:3      | Noticed Sigmund
  2160 | D:3      | Killed Sigmund
  2161 | D:3      | Reached skill level 7 in Axes
  2161 | D:3      | Reached XP level 5. HP: 47/47 MP: 4/4
  2210 | D:3      | Noticed Grinder
  2222 | D:3      | Killed Grinder
  2223 | D:3      | Reached skill level 5 in Fighting
  2223 | D:3      | Reached skill level 8 in Axes
  2223 | D:3      | Reached XP level 6. HP: 56/56 MP: 5/5
  2465 | D:3      | Noticed Ijyb
  2472 | D:3      | Killed Ijyb
  3113 | D:4      | Reached XP level 7. HP: 51/61 MP: 6/6
  3849 | D:4      | Reached skill level 9 in Axes
  4226 | D:5      | Entered Level 5 of the Dungeon
  4226 | D:5      | Found a staircase to the Ecumenical Temple.
  4262 | D:5      | Reached skill level 1 in Shields
  4279 | D:5      | Reached *** piety under Trog
  4335 | D:5      | Reached XP level 8. HP: 66/70 MP: 4/7
  4433 | D:5      | Reached skill level 10 in Axes
  4911 | D:5      | Reached skill level 11 in Axes
  4931 | D:5      | Reached skill level 5 in Armour
  5345 | D:5      | Found a sparkling altar of Nemelex Xobeh.
  5750 | D:6      | Reached XP level 9. HP: 78/78 MP: 8/8
  5770 | D:6      | Noticed Blork the orc
  5796 | D:5      | Reached **** piety under Trog
  5809 | D:5      | Killed Blork the orc
  5976 | D:6      | Reached skill level 12 in Axes
  6370 | D:7      | Reached skill level 5 in Shields
  6797 | D:7      | Reached skill level 13 in Axes
  7274 | D:8      | You fall into a shaft and drop 3 floors!
  7285 | D:11     | Noticed a two-headed ogre
  7294 | D:11     | Killed a two-headed ogre
  7295 | D:11     | Reached XP level 10. HP: 23/86 MP: 3/9
  7747 | D:11     | Reached skill level 14 in Axes
  7749 | D:11     | Found a staircase to the Orcish Mines.
  7815 | D:11     | Reached ***** piety under Trog
  7834 | D:10     | Entered Level 10 of the Dungeon
  8130 | D:11     | Noticed a manticore
  8143 | D:11     | Killed a manticore
  8302 | D:11     | Noticed a gargoyle
  8321 | D:11     | Killed a gargoyle
  8360 | D:11     | Noticed a gargoyle
  8377 | D:11     | Noticed a four-headed hydra
  8392 | D:11     | Reached skill level 15 in Axes
  8402 | D:11     | Noticed a cyclops
  8448 | D:10     | Noticed an oklob plant
  8454 | D:10     | Noticed a rust devil
  8567 | D:10     | Reached XP level 11. HP: 88/95 MP: 8/10
  8847 | D:10     | Reached skill level 1 in Throwing
 10357 | D:8      | Found a broken altar of Ashenzari.
 10583 | D:8      | Noticed Pikel
 10594 | D:8      | Killed Pikel
 10962 | D:10     | Found a staircase to the Lair.
 11006 | D:10     | Noticed Sonja
 11011 | Abyss:2  | Cast into level 2 of the Abyss (Sonja)
 11331 | Abyss:2  | Noticed a large abomination
 11429 | Abyss:2  | Noticed a tentacled starspawn
 11446 | Abyss:2  | Reached skill level 10 in Armour
 11452 | Abyss:2  | Killed a tentacled starspawn
 11478 | Abyss:2  | HP: 2/99 [large abomination (15)]
 11481 | Abyss:2  | Mangled by a large abomination

Illustrated notes

Levels and vault maps discovered:
D:1:      dpeg_arrival_water_temple_mockup, layout_loops_ring,
          minmay_pentomino_t2
D:2:      layout_basic, basic_altar, serial_shops, nicolae_shop_hallway_plus,
          st_stairs_1, uniq_crazy_yiuf_cottage
D:3:      layout_basic, chequers_serial_rivers_room_b, uniq_ijyb, uniq_sigmund,
          uniq_grinder
D:4:      layout_layer_cave, roderic_lattice_a, minmay_joined_circles
D:5:      lemuel_castle_with_subvaults [lemuel_castle_interior_carwin_3],
          layout_basic, nemelex_diamond_rough_becter
D:6:      layout_rooms, serial_bayou_pond_d, uniq_blork_the_orc
D:7:      layout_basic, minmay_misc_feat_chi
D:8:      layout_gridville, kennysheep_mini, uniq_pikel
D:9:      layout_basic
D:10:     hangedman_cross_veins, layout_rooms, dpeg_oklobed_lair, uniq_lodul,
          uniq_sonja
D:11:     wad_guarded_room, layout_irregular_city, zombieorc2_lemuel,
          gauntlet_entry_generic
Abyss:2:  base: D:11, spicy_abyss_unhelpful_harpoons

Skill      XL: |  1  2  3  4  5  6  7  8  9 10 11 |
---------------+----------------------------------+-----
Axes           | 4 5 7 8 9 11 13 15 | 15.7
Fighting       | 4 5 6 7 8 9 |  9.6
Armour         | 3 4 5 6 8 10 | 10.3
Shields        | 1 4 6 8 9 |  9.9
Throwing       | 1 |  1.1
Dodging        | |  2.2

Action                     |  1- 3 |  4- 6 |  7- 9 | 10-12 || total
---------------------------+-------+-------+-------+-------++-------
  Melee: Hand axe          |    48 |    49 |   392 |   450 ||   939
         Headbutt          |     6 |    10 |    67 |    81 ||   164
         Punch             |       |     2 |       |       ||     2
  Throw: Javelin           |       |       |       |     2 ||     2
 Invoke: Berserk           |     1 |     2 |     2 |     3 ||     8
         Trog's Hand       |       |     2 |     2 |     1 ||     5
         Brothers in Arms  |       |       |       |     1 ||     1
  Evoke: Wand              |       |       |     1 |     2 ||     3
    Use: Potion            |     1 |       |     1 |       ||     2
         Scroll            |       |     3 |     3 |     1 ||     7
   Stab: Sleeping          |     1 |       |       |       ||     1
 Armour: Animal skin       |    22 |       |       |       ||    22
         Ring mail         |     1 |    26 |    93 |       ||   120
         Leather armour    |     1 |       |       |       ||     1
         Scale mail        |       |       |    32 |       ||    32
         Plate armour      |       |       |    87 |   285 ||   372
         Skin              |       |       |       |    14 ||    14
  Dodge: Dodged            |    29 |    22 |    68 |    67 ||   186
  Block: Tower shield      |       |       |   212 |   146 ||   358
         Kite shield       |       |       |       |    87 ||    87
         Form:             |     1 |       |       |       ||     1
         Anaconda          |     1 |       |       |       ||     1

Table legend: (Time is in decaauts)
 A = Elapsed time spent in this place.
 B = Non-inter-level travel time spent in this place.
 C = Inter-level travel time spent in this place.
 D = Time resting spent in this place.
 E = Time spent auto-exploring this place.
 F = Levels seen in this place.
 G = Mean time per level.
                   A        B        C        D        E       F      G
               +--------+--------+--------+--------+--------+-----+--------+
         Total |  11502 |  11000 |    502 |    829 |   7927 |  12 |  958.5 |
       Dungeon |  11048 |  10546 |    502 |    583 |   7867 |  11 | 1004.4 |
         Abyss |    453 |    453 |      0 |    246 |     60 |   1 |  453.0 |
               +--------+--------+--------+--------+--------+-----+--------+

Top non-repeatable levels by time:
     D:5: 1702 daAuts
     D:4: 1186 daAuts
     D:9: 1184 daAuts
     D:1: 1175 daAuts
    D:11: 1062 daAuts
     D:3: 974 daAuts
     D:2: 924 daAuts
     D:7: 917 daAuts
     D:8: 745 daAuts
    D:10: 736 daAuts
 Abyss:2: 453 daAuts
     D:6: 440 daAuts
